 Dungeon Crawl Stone Soup version 0.17-a0-2208-ge5ab1d3 (webtiles) character file.

977 concernedbohemian the Ducker (level 7, -1/48 HPs)
             Began as a Vampire Chaos Knight on Oct 26, 2015.
             Was an Initiate of Makhleb.
             Shot with an arrow of frost by a centaur (2 damage)
             ... on level 6 of the Dungeon.
             The game lasted 00:39:55 (4239 turns).

concernedbohemian the Ducker (Vampire Chaos Knight) Turns: 4239, Time: 00:39:56

Health: -1/48      AC: 10    Str:  9    XL:     7   Next: 95%
Magic:  2/10       EV: 20    Int: 12    God:    Makhleb [......]
Gold:   292        SH:  0    Dex: 19    Spells: 0 memorised, 10 levels left

rFire  + . .     SeeInvis +     a - +1 falchion (chaos)
rCold  + . .     Clarity  .     b - +2 leather armour
rNeg   + . .     SustAt   .     (no shield)
rPois  +         Gourm    .     (no helmet)
rElec  +         Spirit   .     (no cloak)
rCorr  +         Warding  .     (no gloves)
rMut   .         Rnd*Tele +     r - +0 pair of boots
MR     .....                    l - amulet of faith
Stlth  ++........               o - +4 ring of protection
                                v - ring of teleportation (curse)

@: agile, resistant, flying, not resistant to hostile enchantments, unstealthy
A: fangs 3, see invisible, dopey 1, frail 1, weak 2, unbreathing
a: Bat Form, Renounce Religion, Evoke Teleportation


You were on level 6 of the Dungeon.
You worshipped Makhleb.
Makhleb was noncommittal.
You were not thirsty.

You visited 1 branch of the dungeon, and saw 6 of its levels.

You collected 292 gold pieces.

Inventory:

Hand Weapons
 a - a +1 falchion of chaos (weapon)
 i - a +0 club
 k - a +3 short sword
 m - a +0 club
 n - a +0 hunting sling
Missiles
 e - 157 stones (quivered)
 j - 27 poisoned needles
 A - 7 needles of slowing
Armour
 b - a +2 leather armour (worn)
 r - a +0 pair of boots (worn)
Jewellery
 d - an uncursed ring of magical power
 l - an amulet of faith (around neck)
 o - a +4 ring of protection (right hand)
 v - a cursed ring of teleportation (left hand)
 w - an uncursed amulet of guardian spirit
 x - a +2 ring of strength
 C - an uncursed amulet of guardian spirit
Wands
 B - a wand of frost (35)
Scrolls
 g - 3 scrolls of teleportation
 h - 7 scrolls of remove curse
 q - 5 scrolls of identify
 s - a scroll of enchant weapon
 D - a scroll of blinking {unknown}
 E - a scroll of enchant armour {unknown}
Potions
 c - 8 potions of blood
 t - 3 potions of resistance
 u - a potion of haste
Comestibles
 f - 2 beef jerkies


   Skills:
 * Level 4.2 Fighting
 * Level 5.0 Long Blades
 * Level 2.5 Throwing
 * Level 2.3 Armour
 * Level 5.7 Dodging
 * Level 2.4 Spellcasting
 * Level 0.8 Evocations


You had 10 spell levels left.
You didn't know any spells.

Dungeon Overview and Level Annotations

Branches:
Dungeon (6/15)
 Temple: D:4-7

Altars:
Makhleb
Okawaru


Innate Abilities, Weirdness & Mutations

You have razor-sharp teeth.
You have supernaturally acute eyesight.
You can survive without breathing.
You are dopey. (Int -2)
You are frail (-10% HP).
You are very weak. (Str -4)


Message History

The arrow of frost hits you but does no damage.
The hound bites you but does no damage.
The ice beast hits you but does no damage.
You closely miss the hound. The hound completely misses you.
The centaur shoots an arrow of frost.
The arrow of frost misses you. The ice beast hits you.
* * * LOW HITPOINT WARNING * * *
The ice beast freezes you. You resist.
* * * LOW HITPOINT WARNING * * *
Drink which item? (? for menu, Esc to quit)
It was a potion of flight.
You feel very buoyant.
You fly up into the air.
The hound completely misses you.
The centaur shoots an arrow of frost.
The arrow of frost barely misses you. The hound completely misses you.
The ice beast closely misses you.
Drink which item? (? for menu, Esc to quit)
Yummy - fresh blood!
The centaur shoots an arrow of frost.
The arrow of frost hits you.
You die...
Xom bursts into laughter!

.#######.....#.#####.#.#.#.......
.. #..........##.#.#.#....... #.
#.#...............#.......
#.######.#........##.#.###.......
#........#........##.#.#.#.......
#.................##.#.#.#.#####.
............#.#.....#<..#.......
#.............##################
##.#####.#######@§c......+
...............#Yh§......#
###.####.#####.#§§§......#
...............#.........#
#........##########+######
#........# #........# #........#
#........#


You could see an ice beast, a centaur and a hound.

Vanquished Creatures
  An ice beast (D:5)
  2 ogres (D:4)
  A scorpion (D:6)
  2 crimson imps
  3 hounds
  An iguana (D:5)
  3 orc wizards
  4 worker ants
  A hound skeleton (D:4)
  5 gnolls
  6 adders
  3 shadow imps
  An ooze (D:5)
  2 adder skeletons (D:5)
  3 worms
  12 orcs
  A ball python (shapeshifter) (D:3)
  4 bats
  8 giant cockroaches
  3 goblins
  8 hobgoblins
  8 kobolds
  4 giant geckos
  8 giant newts
  A jackal skeleton (D:4)
  A quokka (D:3)
  9 rats
105 creatures vanquished.

Vanquished Creatures (collateral kills)
  An ice beast (D:5)
1 creature vanquished.

Vanquished Creatures (others)
  An orc (D:5)
1 creature vanquished.

Grand Total: 107 creatures vanquished

Notes
Turn   | Place    | Note
--------------------------------------------------------------
     0 | D:1      | concernedbohemian the Vampire Chaos Knight began the quest for the Orb.
     0 | D:1      | Reached XP level 1. HP: 17/17 MP: 1/1
    67 | D:1      | XOM: harmless Necr miscast
   103 | D:1      | Reached XP level 2. HP: 16/23 MP: 2/2
   188 | D:1      | XOM: divination: detect items
   204 | D:1      | Reached XP level 3. HP: 16/29 MP: 3/3
   393 | D:1      | XOM: divination: detect creatures
   720 | D:2      | XOM: divination: magic mapping
   727 | D:2      | Reached skill level 1 in Armour
  1073 | D:2      | XOM: divination: detect creatures
  1078 | D:2      | XOM: silly message
  1148 | D:2      | XOM: potion effect (haste)
  1446 | D:3      | Reached XP level 4. HP: 32/35 MP: 5/5
  1457 | D:3      | Reached skill level 1 in Spellcasting
  1546 | D:3      | XOM: harmless Ice miscast
  1718 | D:3      | XOM: cast spell 'Cause Fear'
  1732 | D:3      | Reached skill level 1 in Throwing
  1745 | D:3      | Reached XP level 5. HP: 18/41 MP: 6/6
  1906 | D:3      | XOM: harmless Fire miscast
  2148 | D:3      | XOM: divination: detect creatures
  2260 | D:4      | Reached skill level 4 in Long Blades
  2325 | D:4      | Noticed an ogre
  2335 | D:4      | Killed an ogre
  2335 | D:4      | Reached XP level 6. HP: 33/47 MP: 8/8
  2341 | D:4      | Found an iron altar of Okawaru.
  2434 | D:4      | XOM: harmless Summ miscast
  2457 | D:4      | Noticed an ogre
  2470 | D:4      | XOM: confuse monster(s)
  2474 | D:4      | XOM: noise
  2479 | D:4      | Killed an ogre
  2511 | D:4      | XOM: divination: detect items
  2710 | D:4      | XOM: silly message
  2828 | D:5      | Entered Level 5 of the Dungeon
  3039 | D:5      | Reached XP level 7. HP: 48/53 MP: 7/9
  3138 | D:5      | XOM: swap monsters
  3146 | D:5      | Reached skill level 5 in Dodging
  3500 | D:5      | XOM: summons 4 friendly demons
  3546 | D:5      | XOM: god gift: amulet of guardian spirit {god gift}
  3667 | D:5      | XOM: stat loss: -1 Str (14/15)
  3818 | D:6      | Found a burning altar of Makhleb.
  3866 | D:6      | Fell from the grace of Xom
  3866 | D:6      | Became a worshipper of Makhleb the Destroyer
  4029 | D:6      | Reached skill level 5 in Long Blades
  4146 | D:6      | XOM: give mutations
  4146 | D:6      | Gained mutation: You are dopey. (Int -2) [Xom's mischief]
  4146 | D:6      | Gained mutation: You are frail (-10% HP). [Xom's mischief]
  4146 | D:6      | Gained mutation: You are weak. (Str -2) [Xom's mischief]
  4146 | D:6      | Gained mutation: You are very weak. (Str -4) [Xom's mischief]
  4208 | D:6      | XOM: medium Tloc miscast
  4237 | D:6      | HP: 2/48 [ice beast (2)]
  4239 | D:6      | Shot with an arrow of frost by a centaur

Vault maps used:
D:1:      minmay_arrival_loop
D:4:      nicolae_overflow_hidden_temple, st_stairs_10
D:5:      first_bread
D:6:      minmay_klotski, bloody_makhleb

Action                   |  1- 3 |  4- 6 |  7- 9 || total
-------------------------+-------+-------+-------++-------
Melee: Falchion          |   106 |   148 |    88 ||   342
       Short sword       |       |       |    14 ||    14
       Unarmed           |       |       |     6 ||     6
Throw: Stone             |    28 |    47 |       ||    75
 Abil: Evoke Teleportati |       |       |     3 ||     3
       End Transformatio |       |       |     1 ||     1
       Bat Form          |       |       |     1 ||     1
  Use: Scroll            |     8 |       |     4 ||    12
       Potion            |     5 |     4 |     8 ||    17
 Stab: Confused          |       |     1 |     1 ||     2
       Paralysed         |       |       |     4 ||     4
